 Dungeon Crawl Stone Soup version 0.20-a0-148-gb6cfb21 (webtiles) character file.

895 vev the Insei (level 8, -1/57 HPs)
             Began as an Octopode Wanderer on Nov 21, 2016.
             Shot with an arrow by a centaur (6 damage)
             ... on level 5 of the Dungeon.
             The game lasted 00:09:28 (5445 turns).

vev the Insei (Octopode Wanderer)                   Turns: 5445, Time: 00:09:30

Health: -1/57      AC:  1    Str: 10    XL:     8   Next: 6%
Magic:  8/8        EV: 15    Int: 13    God:
Gold:   221        SH:  2    Dex: 16    Spells: 7/7 levels left

rFire  . . .     SeeInvis .       - Unarmed
rCold  . . .     Gourm    .     (no shield)
rNeg   . . .     Faith    .     (helmet restricted)
rPois  .         Spirit   .     k - +2 amulet of reflection
rElec  .         Reflect  +     s - ring of protection from magic
rCorr  .         Harm     .     p - ring of loudness (curse)
MR     +....                    (no ring)
Stlth  +++.......               (no ring)
                                (no ring)
                                (no ring)
                                (no ring)
                                (no ring)

@: no status effects
A: almost no armour, stealthy swim, amphibious, 8 rings, constrict 8, camouflage
1, gelatinous body 1
a: no special abilities


You were on level 5 of the Dungeon.
You were not hungry.

You visited 1 branch of the dungeon, and saw 5 of its levels.

You collected 221 gold pieces.

Inventory:

Hand Weapons
 c - a +0 dagger
Jewellery
 k - a +2 amulet of reflection (around mantle)
 p - a cursed ring of loudness (right tentacle)
 s - a ring of protection from magic (left tentacle)
Wands
 r - a wand of random effects (48/48)
Scrolls
 a - 2 scrolls of teleportation
 f - a scroll of noise {unknown}
 h - 3 scrolls of recharging
 i - 2 scrolls of enchant armour
 n - 3 scrolls of remove curse {unknown}
 o - 2 scrolls of magic mapping
 v - a scroll of fog {unknown}
Potions
 b - 2 potions of curing
 e - 2 potions of haste
 l - a potion of ambrosia
 q - a potion of invisibility
 t - a potion of agility {unknown}
 u - a potion of flight
 w - a potion of brilliance {unknown}
 z - a potion of lignification {unknown}
Comestibles
 d - 3 bread rations
 g - 2 meat rations
 j - 3 fruits
 m - a beef jerky
 x - a chunk of flesh


   Skills:
 + Level 5.6 Fighting
 - Level 1.0 Throwing
 + Level 4.0 Dodging
 + Level 5.3 Stealth
 * Level 6.3 Unarmed Combat
 - Level 1.1 Evocations


You had 7 spell levels left.
You didn't know any spells.

Dungeon Overview and Level Annotations

Branches:
Dungeon (5/15)             Temple (0/1) D:5

Altars:
Cheibriados
Elyvilon
Gozag
Hepliaklqana
Okawaru
Qazlal
The Shining One

Shops:
D:5 (


Innate Abilities, Weirdness & Mutations

You cannot wear most types of armour.
You are very stealthy in the water. (Stealth+)
You are amphibious.
You can wear up to eight rings at the same time.
You can use your tentacles to constrict eight enemies at once.
Your skin changes colour to match your surroundings (Stealth+).
Your rubbery body absorbs attacks. (AC +1, EV +1)


Message History

You see here a giant club.
There is a fountain of sparkling water here.
You see here a giant club.
There is an open door here.
n - 3 scrolls labeled QEUCVO BYTY (gained 1)
A centaur comes into view.
A centaur is nearby!
A centaur is nearby!
The centaur shouts!
The centaur wields a runed shortbow.
It is covered in frost.
The centaur shoots an arrow.
The arrow hits you! The arrow freezes you.
You see here an arrow.
The centaur shoots an arrow.
The arrow hits you!
* * * LOW HITPOINT WARNING * * *
The arrow freezes you.
* * * LOW HITPOINT WARNING * * *
The centaur shoots an arrow.
The arrow hits you!
* * * LOW HITPOINT WARNING * * *
The arrow freezes you.
You die...

###...#.###.#.#
#...#...# #.#.#
####.#...#.# #.#)#
#....##.##.# #.#.#
#.#####.##.###.#>#
#.# #........#.#
#.# #####..###.#
#(# #...# # #@#
####'#### #.#
#.......# #c#
#####.⌠...⌠.# #..
....#.......# ###
#.'...)...'
###.......#
#.⌠...⌠.#
#.......#
####'####


You could see a centaur.

Vanquished Creatures
  Edmund (D:4)
  An ice beast (D:5)
  An ogre (D:5)
  A bullfrog skeleton (D:3)
  An orc priest (D:3)
  Crazy Yiuf (D:2)
  6 orc wizards
  Natasha (D:3)
  3 worker ants
  Terence (D:2)
  A howler monkey zombie (D:5)
  Robin (D:2)
  7 adders
  2 oozes
  5 worms
  3 dart slugs
  2 leopard geckos
  11 orcs
  16 giant cockroaches
  10 hobgoblins
  10 jackals (D:2)
  3 quokkas
  2 ball pythons
  4 bats
  8 frilled lizards
  17 goblins
  8 kobolds
  9 rats
  A fungus (D:3)
137 creatures vanquished.

Notes
Turn   | Place    | Note
-------+----------+-------------------------------------------
     0 | D:1      | vev the Octopode Wanderer began the quest for the Orb.
     0 | D:1      | vev set off with: a scroll of teleportation, a potion of curing, a +0 dagger, a bread ration
     0 | D:1      | Reached XP level 1. HP: 17/17 MP: 1/1
    39 | D:1      | Reached skill level 1 in Stealth
   241 | D:1      | Reached XP level 2. HP: 22/22 MP: 2/2
   753 | D:2      | Noticed Terence
   765 | D:2      | Found an iron altar of Okawaru.
   769 | D:2      | Reached XP level 3. HP: 27/27 MP: 3/3
   770 | D:2      | Found a faded altar of an unknown god.
   811 | D:2      | Killed Terence
   866 | D:2      | Reached skill level 2 in Stealth
   866 | D:2      | Reached XP level 4. HP: 19/34 MP: 4/4
  1122 | D:2      | Noticed Robin
  1158 | D:2      | Killed Robin
  1158 | D:2      | Reached skill level 2 in Dodging
  1326 | D:2      | Reached skill level 4 in Unarmed Combat
  1607 | D:2      | Reached XP level 5. HP: 37/38 MP: 5/5
  1682 | D:2      | Found a white marble altar of Elyvilon.
  2000 | D:2      | Found a runed door.
  2004 | D:2      | Noticed Crazy Yiuf
  2018 | D:2      | Killed Crazy Yiuf
  2300 | D:3      | Reached skill level 3 in Stealth
  2486 | D:3      | Found an opulent altar of Gozag.
  2537 | D:3      | Found a hazy altar of Hepliaklqana.
  2556 | D:3      | Reached XP level 6. HP: 22/45 MP: 6/6
  2757 | D:3      | Reached skill level 5 in Fighting
  2819 | D:3      | Reached skill level 5 in Unarmed Combat
  3048 | D:3      | Noticed Natasha
  3074 | D:3      | Killed Natasha
  3074 | D:3      | Reached skill level 3 in Dodging
  3263 | D:3      | Reached skill level 4 in Stealth
  3866 | D:4      | Found a glowing golden altar of the Shining One.
  4019 | D:4      | Reached XP level 7. HP: 50/50 MP: 7/7
  4414 | D:4      | Noticed Edmund
  4460 | D:4      | Killed Edmund
  4902 | D:5      | Entered Level 5 of the Dungeon
  4940 | D:5      | Found Jerrur's Weapon Boutique.
  5048 | D:5      | Found a snail-covered altar of Cheibriados.
  5065 | D:5      | Reached skill level 6 in Unarmed Combat
  5077 | D:5      | Reached skill level 5 in Stealth
  5307 | D:5      | Found a stormy altar of Qazlal.
  5320 | D:5      | Found a staircase to the Ecumenical Temple.
  5418 | D:5      | Reached skill level 4 in Dodging
  5418 | D:5      | Reached XP level 8. HP: 49/57 MP: 8/8
  5445 | D:5      | HP: 5/57 [centaur/arrow (15)]
  5445 | D:5      | Shot with an arrow by a centaur

Vault maps used:
D:1:      minmay_arrival_solitary_statue
D:2:      minmay_roachtagon, okawaru_trees_2, old_standard_altar,
          chequers_ecumenical_altar_simple, uniq_robin, uniq_terence,
          uniq_crazy_yiuf_cottage
D:3:      old_standard_altar, lemuel_round_altar, minmay_gold_behind_fungi,
          uniq_natasha
D:4:      kennysheep_spiral_hall, first_bread, tso_altar, uniq_edmund
D:5:      yredelemnul_altar_generic, lemuel_doored_altar, serial_shops, shop,
          basic_altar, minmay_fountain_box

Skill      XL: |  1  2  3  4  5  6  7 |
---------------+----------------------+-----
Stealth        | 1 2 3 4 5 |  5.3
Dodging        | 2 3 4 |  4.0
Unarmed Combat | 4 5 6 |  6.3
Fighting       | 5 |  5.6
Throwing       | |  1.0
Evocations     | |  1.1

Action                   |  1- 3 |  4- 6 |  7- 9 || total
-------------------------+-------+-------+-------++-------
Melee: Unarmed           |    47 |   211 |    79 ||   337
       Constrict         |    16 |    56 |    14 ||    86
       Tentacles         |     9 |    53 |    19 ||    81
       Punch             |       |     8 |     4 ||    12
  Use: Potion            |       |     3 |       ||     3
       Scroll            |       |       |     5 ||     5
 Stab: Sleeping          |     7 |    11 |     6 ||    24
       Distracted        |     1 |     2 |       ||     3
  Eat: Chunk             |       |    10 |     4 ||    14
Armor: Skin              |       |    14 |     2 ||    16
Dodge: Dodged            |    14 |   128 |    44 ||   186
Block: Other             |     1 |     5 |     2 ||     8
